 Dungeon Sprint DCSS version 0.21.1 (webtiles) character file.

4655 Lapis the Blocker (level 10, -10/85 (86) HPs)
             Began as a Gnoll Fighter on Feb 3, 2018.
             Was the Champion of Cheibriados.
             Mangled by a tentacle (16 damage)
             ... attached to a kraken
             ... in the Dungeon (Sprint II: "The Violet Keep of Menkaure").
             The game lasted 00:05:54 (1325 turns).

Lapis the Blocker (Gnoll Fighter)                   Turns: 1325, Time: 00:05:54

HP:   -10/85 (86)   AC:  8    Str: 37    XL:     10   Next: 43%
MP:   31/31         EV: 19    Int: 26    God:    Cheibriados [******]
Gold: 65            SH: 16    Dex: 29    Spells: 26/26 levels left

rFire    + . .     SeeInvis +   a - +0 long sword
rCold    + . .     Gourm    .   c - +0 shield
rNeg     + + .     Faith    .   b - +0 scale mail
rPois    .         Spirit   .   (no helmet)
rElec    .         Reflect  .   (no cloak)
rCorr    .         Harm     .   (no gloves)
MR       +....     Rnd*Rage +   (no boots) Stlth +++.......NoTele +
                                (no amulet)
HPRegen  0.24/turn              j - ring "Mek Pymm" {rF+ MR+ Stlth-}
MPRegen  0.22/turn              l - ring "Ovuph" {rC+ rN++ MP+9 SInv}

@: very slow
A: distributed training, fangs 1, talons 1, berserk 1, strong nose
a: Bend Time, Temporal Distortion, Slouch, Step From Time, Renounce Religion


You were in the Dungeon.
You worshipped Cheibriados.
Cheibriados was exalted by your worship.
You were not hungry.

You visited 1 branch You collected 1053 gold pieces.
You spent 988 gold pieces at shops.

Inventory:

Hand Weapons
 a - a +0 long sword (weapon)
Armour
 b - a +0 scale mail (worn)
 c - a +0 shield (worn)
Jewellery
 j - the ring "Mek Pymm" (left hand) {rF+ MR+ Stlth-}
   (You bought it in a shop in the Dungeon)

   [ring of loudness]

   It protects you from fire.
   It affects your resistance to hostile enchantments.
   It makes you less stealthy.
 l - the ring "Ovuph" (right hand) {rC+ rN++ MP+9 SInv}
   (You bought it in a shop in the Dungeon)

   [ring of magical power]

   It protects you from cold.
   It greatly protects you from negative energy.
   It affects your magic capacity (+9).
   It lets you see invisible.
Scrolls
 k - 2 scrolls of blinking
Potions
 e - a potion of curing
 g - 2 potions of heal wounds
 h - a potion of haste
 i - 2 potions of magic
 m - a potion of might
Comestibles
 f - a ration


   Skills:
 + Level 10.9 Fighting
 + Level 8.8 Short Blades
 + Level 10.0 Long Blades
 + Level 8.8 Axes
 + Level 8.8 Maces & Flails
 + Level 8.8 Polearms
 + Level 8.8 Staves
 + Level 8.8 Slings
 + Level 8.8 Bows
 + Level 8.8 Crossbows
 + Level 8.8 Throwing
 + Level 10.9 Armour
 + Level 8.8 Dodging
 + Level 8.8 Stealth
 + Level 10.9 Shields
 + Level 8.8 Unarmed Combat
 + Level 8.8 Spellcasting
 + Level 7.3 Conjurations
 + Level 7.3 Hexes
 + Level 7.3 Charms
 + Level 7.3 Summonings
 + Level 7.3 Necromancy
 + Level 7.3 Translocations
 + Level 7.3 Transmutations
 + Level 7.3 Fire Magic
 + Level 7.3 Ice Magic
 + Level 7.3 Air Magic
 + Level 7.3 Earth Magic
 + Level 7.3 Poison Magic
 + Level 9.6 Invocations
 + Level 8.8 Evocations


You had 26 spell levels left.
You didn't know any spells.

Dungeon Overview and Level Annotations

Branches:
Dungeon (1/1)

Altars:
Cheibriados
Dithmenos
Elyvilon
Fedhas
Gozag
Hepliaklqana
Kikubaaqudgha
Makhleb
Nemelex Xobeh
Okawaru
Qazlal
Ru
Sif Muna
Trog
Uskayaw
Vehumet
Wu Jian
Xom
Yredelemnul
Zin
The Shining One
Beogh
Jiyva
Lugonu

Shops:
D [}:(!![*=%[=(::?

Annotations:
D exclusion: oklob plant


Innate Abilities, Weirdness & Mutations

Your experience applies equally to all skills.
You have very sharp teeth.
Your uncanny sense of smell can sniff out nearby items.
You have sharp toenails.
You tend to lose your temper in combat.


Message History

The tentacle completely misses you. x2
Found five items.
You see here 9 gold pieces.
You block the tentacle's attack. x2
You see here a hunting sling.
The tentacle slaps you! x2
You see here a mace.
You block the tentacle's attack. x2; The tentacle slaps you!!
You see here 9 gold pieces.
The tentacle completely misses you.
You riposte.
You hit the tentacle. Your kick misses the tentacle.
The tentacle is lightly wounded.
The tentacle slaps you!
* * * LOW HITPOINT WARNING * * *
The tentacle slaps you!
* * * LOW HITPOINT WARNING * * *
Found the Orb of Zot.
You see here a ration.
The tentacle slaps you!
You die...

*+***,,,*,,,*,**,,**,,*,,,**,,,,*
*,,***+**▓▓,*,*,,,**,,,,,,**,,,,*
*,,,+,,,*0..*∆∆∆,,**********++***
***,*,,,*▓▓▓▓▓▓▓▓▓*******,,,,,,,,
,,***,,,*≈§≈≈≈≈≈≈▓▓*,,,,*,++++++,
,,*∆**∆∆*▓▓▓▓▓▓▓▓▓▓*+**,*,+≈,,≈+,
,,*,,*∆∆*$$=$$!(!▓▓,,,*,*,+≈,,≈+,
#.*,,*∆∆▓$?!$?$$)▓▓,⌠,*,*,+≈,,≈+,
+.##.*∆)▓?$($)%[@▓▓,,,*,*,+≈,,≈+,
*...####▓?$$%($w%▓▓,,∆*,*,+≈,,≈+,
*#..##.#▓?[??)$│$▓▓,,∆*,*,+≈,,≈+,
,+..#..#▓$%?$[?!>▓▓,,,*,*,+≈,,≈+,
∆#..#..#▓?)%(?[/)▓▓,⌠,*,*,*≈,,≈*,
##..##)#▓!$(((<($▓▓,∆,*,*,*≈,,≈*,
###...##▓▓▓▓▓▓▓\▓▓▓▓+▓*,***≈,,≈**
..≈≈≈≈≈≈≈≈≈≈≈≈≈§\wXw≈▓∆∆,,,,,,**
..≈#+########§###V≈w≈▓∆,,,,,,**


You could see a kraken and 2 tentacles.

Vanquished Creatures
  A merfolk siren (D)
  A yaktaur (D)
  A hornet (D)
  3 polar bears (D)
  12 flying skulls (D)
  4 neqoxecs (D)
  Menkaure (D)
  4 necrophages (D)
  4 crocodiles (D)
  A hell rat (D)
  4 worker ants (D)
36 creatures vanquished.

Vanquished Creatures (others)
  4 tentacles (D)
4 creatures vanquished.

Grand Total: 40 creatures vanquished

Notes
Turn   | Place    | Note
-------+----------+-------------------------------------------
     0 | D        | Lapis the Gnoll Fighter began the quest for the Orb.
     0 | D        | Reached XP level 1. HP: 23/23 MP: 1/1
     1 | D        | Noticed a worker ant
     1 | D        | Noticed a worker ant
     4 | D        | Killed a worker ant
     4 | D        | Reached skill level 1 in Short Blades
     4 | D        | Reached skill level 1 in Axes
     4 | D        | Reached skill level 1 in Maces & Flails
     4 | D        | Reached skill level 1 in Polearms
     4 | D        | Reached skill level 1 in Staves
     4 | D        | Reached skill level 1 in Slings
     4 | D        | Reached skill level 1 in Bows
     4 | D        | Reached skill level 1 in Crossbows
     4 | D        | Reached skill level 1 in Throwing
     4 | D        | Reached skill level 1 in Dodging
     4 | D        | Reached skill level 1 in Stealth
     4 | D        | Reached skill level 1 in Unarmed Combat
     4 | D        | Reached skill level 1 in Spellcasting
     4 | D        | Reached skill level 1 in Conjurations
     4 | D        | Reached skill level 1 in Hexes
     4 | D        | Reached skill level 1 in Charms
     4 | D        | Reached skill level 1 in Summonings
     4 | D        | Reached skill level 1 in Necromancy
     4 | D        | Reached skill level 1 in Translocations
     4 | D        | Reached skill level 1 in Transmutations
     4 | D        | Reached skill level 1 in Fire Magic
     4 | D        | Reached skill level 1 in Ice Magic
     4 | D        | Reached skill level 1 in Air Magic
     4 | D        | Reached skill level 1 in Earth Magic
     4 | D        | Reached skill level 1 in Poison Magic
     4 | D        | Reached skill level 1 in Invocations
     4 | D        | Reached skill level 1 in Evocations
     4 | D        | Reached XP level 2. HP: 29/29 MP: 1/4
     6 | D        | Reached skill level 5 in Long Blades
     6 | D        | Reached XP level 3. HP: 35/35 MP: 1/6
    10 | D        | Reached XP level 4. HP: 43/43 MP: 1/7
    27 | D        | Noticed a crocodile
    32 | D        | Killed a crocodile
    32 | D        | Reached XP level 5. HP: 34/48 MP: 4/9
    37 | D        | Found a stormy altar of Qazlal.
    37 | D        | Found an ornate altar of the Wu Jian Council.
    38 | D        | Found a hazy altar of Hepliaklqana.
    38 | D        | Found a sacrificial altar of Ru.
    39 | D        | Found a roughly hewn altar of Beogh.
    39 | D        | Found a viscous altar of Jiyva.
    39 | D        | Found a deep blue altar of Sif Muna.
    40 | D        | Found a shimmering altar of Xom.
    42 | D        | Found a snail-covered altar of Cheibriados.
    42 | D        | Found an ancient bone altar of Kikubaaqudgha.
    42 | D        | Found a bloodstained altar of Trog.
    43 | D        | Found a shadowy altar of Dithmenos.
    43 | D        | Found a corrupted altar of Lugonu.
    44 | D        | Found a white marble altar of Elyvilon.
    44 | D        | Found a burning altar of Makhleb.
    45 | D        | Found a blossoming altar of Fedhas.
    47 | D        | Found an opulent altar of Gozag.
    47 | D        | Found a glowing golden altar of the Shining One.
    47 | D        | Found a basalt altar of Yredelemnul.
    47 | D        | Found a hide-covered altar of Uskayaw.
    47 | D        | Found a sparkling altar of Nemelex Xobeh.
    48 | D        | Found a glowing silver altar of Zin.
    48 | D        | Found a radiant altar of Vehumet.
    48 | D        | Found an iron altar of Okawaru.
    50 | D        | Noticed a crocodile
    51 | D        | Became a worshipper of Cheibriados the Contemplative
   225 | D        | Noticed a necrophage
   225 | D        | Noticed a necrophage
   225 | D        | Noticed a necrophage
   225 | D        | Noticed a necrophage
   231 | D        | Killed a necrophage
   238 | D        | Killed a necrophage
   238 | D        | Reached XP level 6. HP: 52/56 MP: 10/12
   252 | D        | Killed a necrophage
   252 | D        | Reached * piety under Cheibriados
   252 | D        | Reached skill level 5 in Invocations
   265 | D        | Killed a necrophage
   265 | D        | Reached skill level 5 in Short Blades
   265 | D        | Reached skill level 5 in Axes
   265 | D        | Reached skill level 5 in Maces & Flails
   265 | D        | Reached skill level 5 in Polearms
   265 | D        | Reached skill level 5 in Staves
   265 | D        | Reached skill level 5 in Slings
   265 | D        | Reached skill level 5 in Bows
   265 | D        | Reached skill level 5 in Crossbows
   265 | D        | Reached skill level 5 in Throwing
   265 | D        | Reached skill level 5 in Dodging
   265 | D        | Reached skill level 5 in Stealth
   265 | D        | Reached skill level 5 in Unarmed Combat
   265 | D        | Reached skill level 5 in Spellcasting
   265 | D        | Reached skill level 5 in Evocations
   265 | D        | Reached XP level 7. HP: 54/63 MP: 14/14
   282 | D        | Noticed a neqoxec
   290 | D        | Gained mutation: You have sharp toenails. [a neqoxec]
   291 | D        | Killed a neqoxec
   291 | D        | Reached ** piety under Cheibriados
   294 | D        | Noticed a neqoxec
   294 | D        | Noticed a neqoxec
   294 | D        | Noticed a flying skull
   294 | D        | Noticed a flying skull
   294 | D        | Noticed a flying skull
   294 | D        | Noticed a flying skull
   294 | D        | Noticed a flying skull
   294 | D        | Gained mutation: You tend to lose your temper in combat. [a neqoxec]
   294 | D        | Noticed a flying skull
   295 | D        | Noticed a neqoxec
   295 | D        | Noticed a flying skull
   295 | D        | Noticed a flying skull
   296 | D        | Noticed a flying skull
   297 | D        | Killed a neqoxec
   300 | D        | Killed a flying skull
   300 | D        | Reached XP level 8. HP: 71/71 MP: 15/17
   304 | D        | Killed a flying skull
   304 | D        | Reached *** piety under Cheibriados
   304 | D        | Reached skill level 5 in Conjurations
   304 | D        | Reached skill level 5 in Hexes
   304 | D        | Reached skill level 5 in Charms
   304 | D        | Reached skill level 5 in Summonings
   304 | D        | Reached skill level 5 in Necromancy
   304 | D        | Reached skill level 5 in Translocations
   304 | D        | Reached skill level 5 in Transmutations
   304 | D        | Reached skill level 5 in Fire Magic
   304 | D        | Reached skill level 5 in Ice Magic
   304 | D        | Reached skill level 5 in Air Magic
   304 | D        | Reached skill level 5 in Earth Magic
   304 | D        | Reached skill level 5 in Poison Magic
   306 | D        | Killed a flying skull
   309 | D        | Reached **** piety under Cheibriados
   314 | D        | Killed a flying skull
   316 | D        | Killed a flying skull
   316 | D        | Reached ***** piety under Cheibriados
   319 | D        | Killed a flying skull
   319 | D        | Reached XP level 9. HP: 40/78 MP: 19/19
   349 | D        | Reached skill level 10 in Fighting
   349 | D        | Reached skill level 10 in Armour
   349 | D        | Reached skill level 10 in Shields
   512 | D        | Reached ****** piety under Cheibriados
   898 | D        | Noticed a merfolk siren
   905 | D        | Killed a merfolk siren
   913 | D        | Found Rymo's Jewellery Shop.
   913 | D        | Found Qegrad's Book Shop.
   913 | D        | Found User's Food Boutique.
   913 | D        | Found Hagre's Magic Scroll Shop.
   913 | D        | Found Viteattoxo's Antique Armour Boutique.
   913 | D        | Found Wijisiuf's Weapon Boutique.
   914 | D        | Found Tommutoim's Jewellery Boutique.
   914 | D        | Found Rakhuil's Assorted Antiques.
   914 | D        | Found Ycruachi's Book Boutique.
   915 | D        | Found Kupliann's Antique Armour Shop.
   915 | D        | Found Quosenlu's Distillery.
   916 | D        | Found Usaegiv's Distillery.
   916 | D        | Found Ynem's Antique Weapon Shop.
   916 | D        | Noticed Menkaure
   916 | D        | Noticed an oklob plant
   917 | D        | Found Selam's Gadget Shop.
   917 | D        | Found Coureo's Antique Armour Boutique.
   917 | D        | Found Empaseen's Book Shoppe.
   917 | D        | Noticed a manticore
   926 | D        | Killed Menkaure
   926 | D        | Reached XP level 10. HP: 85/85 MP: 22/22
   934 | D        | Noticed a spiny frog
   935 | D        | Bought the ring "Mek Pymm" {rF+ MR+ Stlth-} for 298 gold pieces
   935 | D        | Bought the ring "Ovuph" {rC+ rN++ MP+9 SInv} for 535 gold pieces
   937 | D        | Noticed a spiny frog
   937 | D        | Noticed a manticore
   937 | D        | Noticed a manticore
  1056 | D        | Bought a potion of heal wounds for 65 gold pieces
  1056 | D        | Bought a potion of might for 52 gold pieces
  1070 | D        | Bought a scroll of magic mapping for 38 gold pieces
  1109 | D        | Noticed a kraken
  1225 | D        | Reached skill level 10 in Long Blades
  1325 | D        | Mangled by a tentacle

Skill      XL: |  1  2  3  4  5  6  7  8  9 10 |
---------------+-------------------------------+-----
Short Blades   | 1 2 3 4 5 6 7 8 |  8.8
Axes           | 1 2 3 4 5 6 7 8 |  8.8
Maces & Flails | 1 2 3 4 5 6 7 8 |  8.8
Polearms       | 1 2 3 4 5 6 7 8 |  8.8
Staves         | 1 2 3 4 5 6 7 8 |  8.8
Slings         | 1 2 3 4 5 6 7 8 |  8.8
Bows           | 1 2 3 4 5 6 7 8 |  8.8
Crossbows      | 1 2 3 4 5 6 7 8 |  8.8
Throwing       | 1 2 3 4 5 6 7 8 |  8.8
Dodging        | 1 2 3 4 5 6 7 8 |  8.8
Stealth        | 1 2 3 4 5 6 7 8 |  8.8
Unarmed Combat | 1 2 3 4 5 6 7 8 |  8.8
Spellcasting   | 1 2 3 4 5 6 7 8 |  8.8
Conjurations   | 1 2 3 4 5 6 7 |  7.3
Hexes          | 1 2 3 4 5 6 7 |  7.3
Charms         | 1 2 3 4 5 6 7 |  7.3
Summonings     | 1 2 3 4 5 6 7 |  7.3
Necromancy     | 1 2 3 4 5 6 7 |  7.3
Translocations | 1 2 3 4 5 6 7 |  7.3
Transmutations | 1 2 3 4 5 6 7 |  7.3
Fire Magic     | 1 2 3 4 5 6 7 |  7.3
Ice Magic      | 1 2 3 4 5 6 7 |  7.3
Air Magic      | 1 2 3 4 5 6 7 |  7.3
Earth Magic    | 1 2 3 4 5 6 7 |  7.3
Poison Magic   | 1 2 3 4 5 6 7 |  7.3
Invocations    | 1 2 3 4 5 6 7 9 |  9.6
Evocations     | 1 2 3 4 5 6 7 8 |  8.8
Long Blades    | 5 6 7 8 9 10 | 10.0
Fighting       | 7 8 9 10 | 10.9
Armour         | 7 8 9 10 | 10.9
Shields        | 7 8 9 10 | 10.9

Action                   |  1- 3 |  4- 6 |  7- 9 | 10-12 || total
-------------------------+-------+-------+-------+-------++-------
Melee: Long sword        |     6 |    47 |    78 |    26 ||   157
       Bite              |     1 |     8 |    17 |     5 ||    31
       Kick              |       |       |    32 |    15 ||    47
  Use: Potion            |     1 |       |     1 |       ||     2
       Scroll            |       |       |       |     1 ||     1
 Stab: Sleeping          |       |       |     1 |       ||     1
Armor: Scale mail        |     1 |     8 |     7 |     1 ||    17
Dodge: Dodged            |     1 |    13 |    34 |    17 ||    65
Block: Shield            |     1 |    24 |    50 |    30 ||   105
       Rpst.: Long sword |       |     2 |     9 |     2 ||    13
